 Dungeon Crawl Stone Soup version 0.21-a0-274-gc1afaeb (webtiles) character file.

62109 vishdafish the Nimble (level 14, -2/110 HPs)
             Began as a Demonspawn Fighter on Sept 18, 2017.
             Was an Elder of Nemelex Xobeh.
             Slain by a ghost moth (8 damage)
             ... on level 5 of the Lair of Beasts.
             The game lasted 00:58:13 (21247 turns).

vishdafish the Nimble (Demonspawn Fighter)         Turns: 21247, Time: 00:58:13

Health: -2/110     AC: 11    Str: 20 (22) XL:     14   Next: 63%
Magic:  0/22       EV: 18    Int: 11 (13) God:    Nemelex Xobeh [****..]
Gold:   950        SH: 11    Dex: 14      Spells: 13/13 levels left

rFire    + . .     SeeInvis .   A - +0 hand axe (drain)
rCold    . . .     Gourm    .   c - +0 shield
rNeg     + . .     Faith    .   n - +2 robe of the Wilderness {rCorr Int+3 Dex+2 Slay+6}
rPois    .         Spirit   .   (helmet restricted)
rElec    .         Reflect  .   (no cloak)
rCorr    +         Harm     .   i - +1 pair of gloves
MR       +....                  D - +0 pair of boots
Stlth    +.........             w - amulet of rage
HPRegen  0.00/turn              F - +3 ring of protection
MPRegen  0.18/turn              Y - +2 ring of slaying

@: about to teleport
A: antennae 1, claws 2, fire resistance 1, negative energy resistance 1, powered
by death 3, inhibited regeneration, sturdy frame 2
a: Triple Draw, Deal Four, Renounce Religion, Evoke Berserk Rage


You were on level 5 of the Lair of Beasts.
You worshipped Nemelex Xobeh.
Nemelex Xobeh was greatly pleased with you.
You were not hungry.

You visited 3 branches of the dungeon, and saw 18 of its levels.
You also visited: Bailey.

You collected 1055 gold pieces.
You spent 105 gold pieces at shops.

Inventory:

Hand Weapons
 o - a +1 hand axe of flaming
 A - a +0 hand axe of draining (weapon)
Missiles
 r - 46 tomahawks of returning (quivered)
Armour
 c - a +0 shield (worn)
 i - a +1 pair of gloves (worn)
 n - the +2 robe of the Wilderness (worn) {rCorr Int+3 Dex+2 Slay+6}
   (You took it off an orc on level 11 of the Dungeon)

   It affects your intelligence (+3).
   It affects your dexterity (+2).
   It affects your accuracy and damage with ranged weapons and melee attacks
   (+6).
   It protects you from acid and corrosion.
 D - a +0 pair of boots (worn)
Jewellery
 w - an amulet of rage (around neck)
 y - an uncursed ring of positive energy
 F - a +3 ring of protection (left hand)
 Y - a +2 ring of slaying (right hand)
Wands
 e - a wand of paralysis (11/24)
 H - a wand of disintegration (9/24)
 L - a wand of digging (13/24)
 Q - a wand of clouds (3/9)
 S - a wand of acid (5/15)
Scrolls
 b - a scroll of fog
 f - 2 scrolls of magic mapping
 j - 4 scrolls of enchant armour
 k - 3 scrolls of fear
 p - 5 scrolls of amnesia
 q - a scroll of vulnerability {unknown}
 v - 8 scrolls of remove curse
 z - 4 scrolls of teleportation
 B - 3 scrolls of enchant weapon
 E - 2 scrolls of summoning
 K - a scroll of immolation {unknown}
 R - 4 scrolls of recharging
 U - 2 scrolls of blinking
 V - a scroll of brand weapon {unknown}
 W - 2 scrolls of random uselessness {unknown}
Potions
 a - 4 potions of heal wounds
 d - 8 potions of might
 g - 5 potions of flight
 l - 3 potions of resistance
 m - 3 potions of magic
 s - 3 potions of curing
 x - 2 potions of agility
 G - a potion of haste
 M - 2 potions of brilliance
 O - a potion of ambrosia
 T - a potion of cancellation
Miscellaneous
 h - a legendary deck of destruction {drawn: 7}
 t - a plain deck of destruction {drawn: 1}
 C - a plain deck of destruction
 I - a plain deck of destruction {drawn: 10}
 P - a plain deck of summoning {drawn: 5}
 Z - a plain deck of destruction
Comestibles
 u - 7 royal jellies
 J - 28 fruits
 N - 7 meat rations


   Skills:
 + Level 10.1 Fighting
 + Level 10.4 Axes
 * Level 3.9 Throwing
 + Level 8.7 Armour
 * Level 11.3 Dodging
 - Level 0.2 Stealth
 + Level 7.9 Shields
 - Level 11.0 Invocations
 - Level 3.0 Evocations


You had 13 spell levels left.
You didn't know any spells.

Dungeon Overview and Level Annotations

Branches:
Dungeon (12/15)            Temple (1/1) D:6            Lair (5/6) D:9
  Swamp (0/4) Lair:2        Snake (0/4) Lair:2          Orc (0/2) D:10
  Slime: Lair:5-6

Altars:
Ashenzari
Cheibriados
Dithmenos
Elyvilon
Gozag
Hepliaklqana
Kikubaaqudgha
Makhleb
Nemelex Xobeh
Okawaru
Qazlal
Ru
Sif Muna
Trog
Uskayaw
Vehumet
Wu Jian
Xom
Yredelemnul
Zin
The Shining One

Shops:
D:7 ?   D:9 *   D:11 (

Annotations:
D:12 Psyche


Innate Abilities, Weirdness & Mutations

You have very sharp fingernails.
Your flesh is heat resistant. (rF+)
You resist negative energy. (rN+)
You regenerate a lot of health from kills.
Your movements are less encumbered by armour. (ER -4)
You have a pair of small antennae on your head.
You do not regenerate when monsters are visible.


Message History

You feel better.
You feel you are being watched by something.
Something hits you.
* * * LOW HITPOINT WARNING * * *
Something hits you but does no damage.
Something stings you but does no damage.
As you read the scroll of teleportation, it crumbles to dust.
You feel strangely unstable.
You feel you are being watched by something.
You feel your power leaking away. Something hits you!
* * * LOW HITPOINT WARNING * * *
Something hits you but does no damage. Something completely misses you.
You feel you are being watched by something.
Something hits you!
* * * LOW HITPOINT WARNING * * *
You feel dopey. Something hits you!
You die...
Your body glows slightly and disappears.

.........###....#
..........#..$.###
.#.#..........##.###
.#.###.........$...##
.### #..............#
## ###..............#
###.P#.............##
.#..P#.............###
...............{@.$.P#
.....................#
...............!.....#
...................#.#
..............#..#####
...............###
..........#....#
........##.....#
.##P.....##...##


There were no monsters in sight!

Vanquished Creatures
  4 hydras
  An unseen horror (D:10)
  Pikel (D:7)
  A mana viper (Lair:5)
  A salamander (Lair:4)
  3 elephants (Lair:4)
  2 black mambas
  A torpor snail (Lair:3)
  Joseph (D:10)
  8 spiny frogs
  A centaur skeleton (D:11)
  A komodo dragon (Lair:2)
  A polar bear (Lair:4)
  4 hippogriffs
  5 dream sheep
  14 blink frogs
  A shadow (D:11)
  A tarantella (Lair:5)
  16 yaks
  A wyvern (D:11)
  A wraith (D:11)
  A steam dragon (D:11)
  A hungry ghost (D:11)
  Menkaure (D:7)
  3 swamp worms (Lair:2)
  Duvessa (D:4)
  5 water moccasins
  6 porcupines
  3 orc warriors
  An ice beast (D:9)
  A slave (D:7)
  A black bear (D:6)
  An eye of draining (D:11)
  A sky beast (D:6)
  2 necrophages
  A boggart (Lair:5)
  7 ogres
  12 centaurs
  3 phantoms
  8 wolves (Lair:4)
  6 crocodiles
  6 big kobolds
  Blork the orc (D:5)
  13 bullfrogs
  A water moccasin zombie (D:10)
  Dowan (D:4)
  A wyvern skeleton (D:11)
  A scorpion (D:8)
  4 killer bees (D:7)
  A vampire bat (D:7)
  2 electric eels
  4 howler monkeys
  7 crimson imps
  2 centaur zombies
  A bullfrog zombie (D:10)
  4 hounds
  2 jellies
  4 orc wizards
  4 orc priests
  6 iguanas
  Natasha (thrice) (D:3)
  10 worker ants
  A hound zombie (D:10)
  A mummy (D:7)
  2 hound skeletons
  2 worker ant zombies
  10 gnolls
  13 adders
  A shadow imp (D:5)
  An ooze (D:7)
  An adder zombie (D:6)
  2 adder skeletons
  3 worms
  8 leopard geckos
  23 orcs
  3 ball pythons
  4 bat skeletons (D:7)
  3 bat zombies (D:7)
  11 giant cockroaches
  15 goblins
  13 hobgoblins
  16 jackals
  38 kobolds
  5 quokkas
  4 bats
  2 frilled lizards
  A jackal zombie (D:5)
  A quokka skeleton (D:5)
  9 rats
  A fungus (Lair:3)
  2 plants (Lair:4)
408 creatures vanquished.

Vanquished Creatures (collateral kills)
  An orc warlord (Bailey)
  Josephine (D:11)
  A hydra (Lair:3)
  A catoblepas (Lair:5)
  2 two-headed ogres (D:10)
  A death yak (Lair:5)
  Sonja (Lair:3)
  Nergalle (Lair:1)
  A fire crab (Lair:5)
  An ugly thing (D:11)
  A cyclops (D:11)
  4 oklob plants (Lair:4)
  A black mamba (Lair:2)
  A spiny frog (Lair:1)
  A troll (D:11)
  5 wraiths (D:11)
  A basilisk (Lair:5)
  A wyvern (Lair:5)
  A water moccasin (Lair:5)
  A slave (D:7)
  An orc warrior (Bailey)
  A necrophage (D:11)
  2 centaurs (D:11)
  2 killer bees (D:7)
  An electric eel (Lair:1)
  2 orcs (D:11)
  3 hobgoblins (Bailey)
  3 kobolds
  A goblin (D:11)
  A fungus (Lair:2)
  A plant (Lair:4)
46 creatures vanquished.

Vanquished Creatures (others)
  A slave (D:7)
  An adder (D:11)
  5 fungi
  16 plants
23 creatures vanquished.

Grand Total: 477 creatures vanquished

Notes
Turn   | Place    | Note
-------+----------+-------------------------------------------
     0 | D:1      | vishdafish the Demonspawn Fighter began the quest for the Orb.
     0 | D:1      | Reached XP level 1. HP: 18/18 MP: 1/1
   159 | D:1      | Gained mutation: Your movements are slightly less encumbered by armour. (ER -2) [demonic ancestry]
   159 | D:1      | Reached XP level 2. HP: 19/24 MP: 2/2
   845 | D:2      | Gained mutation: You regenerate a little health from kills. [demonic ancestry]
   845 | D:2      | Reached XP level 3. HP: 29/29 MP: 3/3
   868 | D:2      | Found a radiant altar of Vehumet.
  1303 | D:3      | Reached XP level 4. HP: 24/35 MP: 4/4
  1387 | D:3      | Noticed Natasha
  1423 | D:3      | Killed Natasha
  1601 | D:3      | Noticed Natasha
  1611 | D:3      | Killed Natasha
  1611 | D:3      | Reached XP level 5. HP: 14/41 MP: 5/5
  1818 | D:3      | Reached skill level 1 in Dodging
  1976 | D:3      | Noticed Natasha
  1987 | D:3      | Killed Natasha
  2613 | D:4      | Gained mutation: You regenerate health from kills. [demonic ancestry]
  2613 | D:4      | Reached XP level 6. HP: 43/47 MP: 6/6
  2819 | D:4      | Found a sacrificial altar of Ru.
  2842 | D:4      | Noticed Dowan
  2844 | D:4      | Noticed Duvessa
  2879 | D:4      | Killed Duvessa
  2885 | D:4      | Killed Dowan
  3326 | D:4      | Reached XP level 7. HP: 35/52 MP: 7/7
  3786 | D:5      | Entered Level 5 of the Dungeon
  3896 | D:5      | Reached skill level 1 in Evocations
  4106 | D:5      | Noticed Blork the orc
  4115 | D:5      | Killed Blork the orc
  4356 | D:5      | Reached skill level 5 in Axes
  4674 | D:5      | HP: 2/52 [iguana (6)]
  4962 | D:5      | Found a glowing golden altar of the Shining One.
  5129 | D:5      | Gained mutation: You have sharp fingernails. [demonic ancestry]
  5129 | D:5      | Reached XP level 8. HP: 58/58 MP: 8/10
  5298 | D:6      | Gained mutation: You do not regenerate when monsters are visible. [mutagenic meat]
  5300 | D:6      | Gained mutation: You have a pair of small antennae on your head. [mutagenic meat]
  5360 | D:6      | Reached skill level 5 in Shields
  5536 | D:6      | Found a basalt altar of Yredelemnul.
  5699 | D:6      | Reached skill level 5 in Armour
  6202 | D:6      | Found a staircase to the Ecumenical Temple.
  6212 | Temple   | Entered the Ecumenical Temple
  6271 | Temple   | Became a worshipper of Nemelex Xobeh the Trickster
  6452 | D:7      | Found a snail-covered altar of Cheibriados.
  6634 | D:7      | Gained mutation: Your movements are less encumbered by armour. (ER -4) [demonic ancestry]
  6634 | D:7      | Reached XP level 9. HP: 44/65 MP: 11/11
  6738 | D:7      | Received a gift from Nemelex Xobeh
  6835 | D:7      | Found Omeph's Magic Scroll Shop.
  6846 | D:7      | Bought a scroll of teleportation for 45 gold pieces
  6940 | D:7      | Found an ancient bone altar of Kikubaaqudgha.
  7006 | D:7      | Noticed Menkaure
  7317 | D:7      | Killed Menkaure
  7317 | D:7      | Reached skill level 1 in Invocations
  7986 | D:7      | Noticed Pikel
  8017 | D:7      | Killed Pikel
  8017 | D:7      | Reached skill level 5 in Fighting
  8108 | D:7      | Reached skill level 5 in Invocations
  8428 | D:8      | Found a shattered altar of Ashenzari.
  8516 | D:8      | Got a jewelled ring mail
  8527 | D:8      | Identified the +4 ring mail "Eptelei" {rF- rC+ Regen+ Int+4} (You found it on level 8 of the Dungeon)
  8640 | D:8      | Found an iron altar of Okawaru.
  8656 | D:8      | Reached * piety under Nemelex Xobeh
  8829 | D:8      | Received a gift from Nemelex Xobeh
  9436 | D:9      | Reached XP level 10. HP: 35/74 MP: 14/14
  9507 | D:9      | Found a staircase to the Lair.
  9883 | D:9      | Got a twisted robe
  9894 | D:9      | Identified the +2 robe of Koetoinu {*Corrode +Blink rElec MR+++} (You found it on level 9 of the Dungeon)
  9907 | D:9      | Received a gift from Nemelex Xobeh
  9919 | D:9      | Found a bloodstained altar of Trog.
 10238 | D:9      | Found an ornate altar of the Wu Jian Council.
 10279 | D:9      | Found Jiczopp's Assorted Antiques.
 10300 | D:9      | Bought a scroll labeled DATSAO AKIAMO for 32 gold pieces
 10300 | D:9      | Bought a brown potion for 28 gold pieces
 10478 | D:9      | Reached skill level 5 in Dodging
 10646 | D:10     | Entered Level 10 of the Dungeon
 10723 | D:10     | Killed an unseen horror
 10735 | D:10     | Noticed a two-headed ogre
 10816 | D:10     | Reached ** piety under Nemelex Xobeh
 10831 | D:10     | Noticed a two-headed ogre
 10840 | D:10     | Killed a two-headed ogre
 10942 | D:10     | Noticed Joseph
 10960 | D:10     | Killed Joseph
 11079 | D:10     | Received a gift from Nemelex Xobeh
 11106 | D:10     | Found a staircase to the Orcish Mines.
 11239 | D:10     | Killed a two-headed ogre
 11735 | D:10     | Reached *** piety under Nemelex Xobeh
 11735 | D:10     | Received a gift from Nemelex Xobeh
 12058 | D:11     | Gained mutation: Your flesh is heat resistant. (rF+) [demonic ancestry]
 12058 | D:11     | Reached XP level 11. HP: 66/83 MP: 0/17
 12211 | D:11     | Noticed Josephine
 12222 | D:11     | Killed Josephine
 12328 | D:11     | Reached skill level 10 in Invocations
 12395 | D:11     | Found a flagged portal.
 12418 | Bailey   | Entered a bailey
 12432 | Bailey   | Noticed an orc warlord
 12574 | Bailey   | Found a runed gate.
 12594 | Bailey   | Found a runed gate.
 12596 | Bailey   | Found a runed gate.
 12627 | Bailey   | Received a gift from Nemelex Xobeh
 12679 | Bailey   | Killed an orc warlord
 13030 | D:11     | Got a heavy robe
 13041 | D:11     | Identified the +2 robe of the Wilderness {rCorr Int+3 Dex+2 Slay+6} (You took it off an orc on level 11 of the Dungeon)
 13131 | D:11     | Found Giequevi's Antique Weapon Shop.
 13253 | D:11     | Reached skill level 10 in Axes
 13370 | D:11     | Noticed a red ugly thing
 13385 | D:11     | Killed a red ugly thing
 13820 | D:11     | Noticed a three-headed hydra
 13825 | D:11     | Killed a one-headed hydra
 13881 | D:12     | Noticed Psyche
 13881 | D:12     | Noticed a purple ugly thing
 14118 | Lair:1   | Entered Level 1 of the Lair of Beasts
 14118 | Lair:1   | Noticed Nergalle
 14142 | Lair:1   | Killed Nergalle
 14437 | Lair:1   | Received a gift from Nemelex Xobeh
 14942 | Lair:1   | Reached **** piety under Nemelex Xobeh
 14955 | Lair:1   | Gained mutation: You have very sharp fingernails. [demonic ancestry]
 14955 | Lair:1   | Reached XP level 12. HP: 74/91 MP: 20/20
 15202 | Lair:1   | Gained mutation: You resist negative energy. (rN+) [demonic ancestry]
 15202 | Lair:1   | Reached XP level 13. HP: 99/99 MP: 21/21
 15208 | Lair:1   | Reached skill level 10 in Dodging
 15208 | Lair:1   | Gained mutation: You regenerate a lot of health from kills. [demonic ancestry]
 15208 | Lair:1   | Reached XP level 14. HP: 108/108 MP: 22/22
 15211 | Lair:1   | Received a gift from Nemelex Xobeh
 15638 | Lair:2   | Found a staircase to the Snake Pit.
 16341 | Lair:2   | Received a gift from Nemelex Xobeh
 16411 | Lair:2   | Found a staircase to the Swamp.
 18591 | Lair:3   | Noticed Sonja
 18601 | Lair:3   | Killed Sonja
 19337 | Lair:4   | Reached skill level 1 in Throwing
 19384 | Lair:4   | Received a gift from Nemelex Xobeh
 20449 | Lair:5   | Reached skill level 10 in Fighting
 21247 | Lair:5   | Slain by a ghost moth

Vault maps used:
D:1:      dpeg_arrival_rhombus
D:2:      vehumet_crystals, item_on_display_a
D:3:      first_bread, st_stairs_8, uniq_natasha
D:4:      nicolae_ru_awakened_eye, uniq_duvessa
D:5:      nicolae_overflow_hidden_temple, uniq_blork_the_orc
D:6:      lemuel_doored_altar, minmay_temple_entry_nine_rooms
D:7:      slow_altar_1, kennysheep_vampire_church, serial_shops, shop,
          kennysheep_diamond, uniq_menkaure, uniq_pikel
D:8:      kennysheep_spiral_hall, ashenzari_altar_1, basic_altar
D:9:      wad_river_or_something, lightli_temple_of_fire,
          lemuel_coloured_pillars_altar, lair_entry_dummy, serial_shops,
          shop_fountains
D:10:     lemuel_upstairs_altar, david_orc_3, uniq_joseph
D:11:     enter_bailey_3, serial_shops, shop, hangedman_ranch,
          kennysheep_doodads, uniq_josephine
D:12:     wad_scary_box, uniq_psyche
Temple:   dshaligram_water_room_temple
Lair:1:   lemuel_fruit_tree, grunt_megastairs_2, lemuel_fruit_fields,
          serial_bayou_shore_a, uniq_nergalle
Lair:2:   nicolae_swamp_entry_splash_gauntlet, guppyfry_snake_entry_garden
Lair:3:   infiniplex_staircase_pool, uniq_sonja
Lair:4:   hangedman_lair_unloving_vines, minmay_lair_oklob_chamber
Bailey:   bailey_axe_bossmonster_kennysheep, bailey

Skill      XL: |  1  2  3  4  5  6  7  8  9 10 11 12 13 14 |
---------------+-------------------------------------------+-----
Axes           | 2 3 4 5 6 7 9 10 | 10.4
Shields        | 3 4 5 6 7 |  7.9
Armour         | 3 4 5 6 7 8 |  8.7
Dodging        | 1 2 3 4 5 7 9 10 11 | 11.3
Evocations     | 2 3 |  3.0
Fighting       | 4 5 6 7 8 9 10 | 10.1
Invocations    | 5 9 10 11 | 11.0
Throwing       | 3 |  3.9
Stealth        | |  0.2

Action                   |  1- 3 |  4- 6 |  7- 9 | 10-12 | 13-15 || total
-------------------------+-------+-------+-------+-------+-------++-------
Melee: War axe           |   126 |   238 |   168 |       |       ||   532
       Hand axe          |       |       |   521 |   717 |   379 ||  1617
 Fire: Hunting sling     |       |       |     8 |    52 |       ||    60
Throw: Stone             |       |       |    13 |       |       ||    13
       Tomahawk          |       |       |       |       |    10 ||    10
Invok: Triple Draw       |       |       |       |       |     1 ||     1
Evoke: Deck              |       |       |     7 |    21 |    20 ||    48
       Wand              |       |       |     5 |       |     2 ||     7
  Use: Potion            |       |     1 |     4 |     4 |     3 ||    12
       Scroll            |       |       |    10 |     5 |    10 ||    25
 Stab: Distracted        |       |       |     1 |     2 |     1 ||     4
       Sleeping          |       |       |       |       |     1 ||     1
  Eat: Chunk             |     1 |     3 |    13 |     7 |     1 ||    25
       Bread ration      |     1 |       |     3 |     2 |     2 ||     8
       Royal jelly       |       |       |       |     1 |     5 ||     6
Armor: Scale mail        |    60 |   115 |   216 |       |       ||   391
       Ring mail         |       |       |     9 |   234 |       ||   243
       Robe              |       |       |       |    26 |    85 ||   111
Dodge: Dodged            |    40 |    74 |   277 |   306 |   238 ||   935
Block: Shield            |    62 |   108 |   312 |   383 |   214 ||  1079

Table legend:
 A = Spawn XP
 B = Non-spawn XP
 C = Spawn XP percentage of total XP
 D = Spawn monster count
 E = Non-spawn monster count
 F = Spawn count percentage of total count
 G = Total turns spent on level
                    A         B        C        D         E        F      G
               +---------+---------+-------+---------+---------+-------+---------
         Total |       0 |   45855 |   0.0 |       0 |     448 |   0.0 | 21247
               +---------+---------+-------+---------+---------+-------+---------
           D:1 |       0 |      31 |   0.0 |       0 |      17 |   0.0 |   613
           D:2 |       0 |      54 |   0.0 |       0 |      23 |   0.0 |   822
           D:3 |       0 |     254 |   0.0 |       0 |      36 |   0.0 |  1141
           D:4 |       0 |     455 |   0.0 |       0 |      19 |   0.0 |  1210
           D:5 |       0 |     742 |   0.0 |       0 |      29 |   0.0 |  1444
           D:6 |       0 |    1032 |   0.0 |       0 |      21 |   0.0 |  1110
           D:7 |       0 |    2378 |   0.0 |       0 |      44 |   0.0 |  1816
           D:8 |       0 |     470 |   0.0 |       0 |      11 |   0.0 |  1186
           D:9 |       0 |    1988 |   0.0 |       0 |      23 |   0.0 |  1348
          D:10 |       0 |    3256 |   0.0 |       0 |      30 |   0.0 |  1328
          D:11 |       0 |    7470 |   0.0 |       0 |      66 |   0.0 |  1538
        Lair:1 |       0 |    3508 |   0.0 |       0 |      18 |   0.0 |  1493
        Lair:2 |       0 |    3858 |   0.0 |       0 |      16 |   0.0 |  2878
        Lair:3 |       0 |    5046 |   0.0 |       0 |      15 |   0.0 |   833
        Lair:4 |       0 |   10529 |   0.0 |       0 |      40 |   0.0 |  1343
        Lair:5 |       0 |    3570 |   0.0 |       0 |      13 |   0.0 |   582
        Bailey |       0 |    1214 |   0.0 |       0 |      27 |   0.0 |   486
               +---------+---------+-------+---------+---------+-------+---------
